 Zot Defence DCSS version 0.15.2 (webtiles) character file.

1293 Gaplan the Spear-Bearer (level 8, -5/75 HPs)
             Began as a Minotaur Berserker on Oct 22, 2016.
             Was an Initiate of Trog.
             Killed by divine providence
             ... invoked by an orc priest
             ... led by an orc high priest
              (11 damage)
             ... in the Realm of Zot (Scenario I: Hall of Zot).
             The game lasted 00:01:41 (3982 turns).

Gaplan the Spear-Bearer (Minotaur Berserker)        Turns: 3982, Time: 00:01:43

HP  -5/75        AC  2     Str 24      XL: 8   Next: 30%
MP   3/3         EV 13     Int  4      God: Trog [......]
Gold 0           SH  0     Dex 10      Spells:  0 memorised,  7 levels left

rFire  . . .     SeeInvis .     a - +0 spear
rCold  . . .     Clarity  .     b - +0 animal skin
rNeg   . . .     rCorr    .     (no shield)
rPois  .         rRot     .     (helmet restricted)
rElec  .         Spirit   .     (no cloak)
SustAb .         Warding  .     (no gloves)
rMut   .         Stasis   .     (no boots)
Gourm  .                        (no amulet)
MR     .....                    (no ring)
                                (no ring)

@: not resistant to hostile enchantments, very unstealthy
A: retaliatory headbutt, horns 2
a: Make oklob sapling, Make arrow trap, Make plant, Remove Curse, Make burning
bush, Make altar, Make grenades, Make oklob plant, Make net trap, Burn
Spellbooks, Renounce Religion


You were in the Realm of Zot.
You worshipped Trog.
Trog was noncommittal.
You were not hungry.

You visited 1 branch

Inventory:

Hand weapons
 a - a +0 spear (weapon)
Armour
 b - a +0 animal skin (worn)
Comestibles
 d - a bread ration
Scrolls
 i - a scroll of blinking
Potions
 c - 3 potions of curing
 e - a potion of heal wounds
 f - a potion of haste
 g - 2 potions of magic
 h - a potion of berserk rage


   Skills:
 + Level 8.3 Fighting
 + Level 9.0 Polearms
 + Level 4.2 Armour
 + Level 3.6 Dodging


You had 7 spell levels left.
You didn't know any spells.

Dungeon Overview and Level Annotations

Branches:
    Zot (1/1)

Altars:

Annotations:
Zot Lernaean hydra


Innate Abilities, Weirdness & Mutations

You reflexively headbutt those who attack you in melee.
You have a pair of horns on your head.


Message History

* * * LOW HITPOINT WARNING * * *
You barely miss the four-headed hydra.
The four-headed hydra is severely wounded.
You hit the four-headed hydra.
The four-headed hydra is severely wounded.
The orc priest mumbles some strange prayers to Beogh.
You feel a wave of unholy energy pass over you.
The deep elf summoner mumbles some strange words.
You hit the four-headed hydra.
The four-headed hydra is severely wounded.
The orc high priest mumbles some strange prayers to Beogh.
You hit the four-headed hydra.
The four-headed hydra is almost dead.
You hit the four-headed hydra.
The four-headed hydra is almost dead.
The deep elf summoner mumbles some strange words.
The deep elf summoner blinks!
The orc priest invokes the aid of Beogh against something.
Something smites you!
You die...

....# ▓▓▓▓▓▓▓▓▓ #................
...## ##............... .###
###............. ##
####.......... ###
##############. ..###
###D............. ....##
##DD..##..........
##...###########D..###...........
###.....ooDDDoo.@.###............
# ##....o4o3eo...## #............
# #.....o4os....# #............ #
##....s§.....## #............ #
#...........# #............ #
##...........## #............ #
#.............# ##...........
##........e....## ##..........
#......<.<......# ##.........


You could see the 27-headed Lernaean hydra, 2 seven-headed hydras, 2 five-headed
hydras, 2 four-headed hydras, a demonic crawler, an orc high priest, an orange
demon, a deep elf summoner, a smoke demon, a deep elf priest, a red devil, 5 orc
warriors, a redback, 2 orc priests and an orc.

Vanquished Creatures
  A hydra (Zot)
1 creature vanquished.

Notes
Turn   | Place    | Note
--------------------------------------------------------------
     0 | Zot      | Gaplan, the Minotaur Berserker, began the quest for the Orb.
     0 | Zot      | Reached XP level 1. HP: 19/19 MP: 1/1
  3879 | Zot      | Noticed a seven-headed hydra
  3881 | Zot      | Noticed a four-headed hydra
  3886 | Zot      | Noticed a five-headed hydra
  3893 | Zot      | Noticed a four-headed hydra
  3898 | Zot      | Noticed a five-headed hydra
  3901 | Zot      | Noticed a seven-headed hydra
  3903 | Zot      | Noticed a four-headed hydra
  3909 | Zot      | Noticed the 27-headed Lernaean hydra
  3956 | Zot      | Killed a four-headed hydra
  3956 | Zot      | Reached skill level 8 in Fighting
  3956 | Zot      | Reached skill level 9 in Polearms
  3956 | Zot      | Reached XP level 2. HP: 24/36 MP: 1/1
  3956 | Zot      | Reached XP level 3. HP: 27/41 MP: 2/2
  3956 | Zot      | Reached XP level 4. HP: 32/49 MP: 2/2
  3956 | Zot      | Reached XP level 5. HP: 35/55 MP: 2/2
  3956 | Zot      | Reached XP level 6. HP: 39/62 MP: 3/3
  3956 | Zot      | Reached XP level 7. HP: 43/69 MP: 3/3
  3956 | Zot      | Reached XP level 8. HP: 46/75 MP: 3/3
  3957 | Zot      | Noticed an orc warrior
  3957 | Zot      | Noticed an orc warrior
  3958 | Zot      | Noticed an orc priest
  3959 | Zot      | Noticed an orc high priest
  3959 | Zot      | Noticed an orc warrior
  3961 | Zot      | Noticed an orange demon
  3961 | Zot      | Noticed a smoke demon
  3969 | Zot      | Noticed a deep elf priest
  3969 | Zot      | Noticed a red devil
  3972 | Zot      | Noticed an orc high priest
  3975 | Zot      | Noticed a deep elf summoner
  3980 | Zot      | Noticed a demonic crawler
  3982 | Zot      | Killed from afar by an orc priest

Action                   |  1- 3 |  4- 6 |  7- 9 || total
-------------------------+-------+-------+-------++-------
Melee: Spear             |    55 |       |    26 ||    81
